Map: Efflorescence LE

Players

Gaffel - Winner!

  • Race: Terran Terran
  • League: Platinum
  • Spawn Location: 12:00

SiMoe - Winner!

  • Race: Zerg Zerg
  • League: Gold
  • Spawn Location: 3:00

qqq

  • Race: Zerg Zerg
  • Spawn Location: 9:00

Massa

  • Race: Terran Terran
  • Spawn Location: 6:00

VOD

Have the link to the VOD?

Description

Time

  • Played on: June 19, 2020, 5:48 p.m.
  • Length: 3:15
Show
View Real Time Build Order
Export as new Build Order

Gaffel Terran - Winner!

Build Orders: 2 Factory 

Get SALT Encoding   

  12  0:01  SCV  
  13  0:13  SCV  
  14  0:18  Supply Depot  
  14  0:25  Refinery  
  14  0:29  SCV  
  15  0:42  Barracks  
  15  0:46  SCV  
  16  0:58  SCV  
  16  1:01  Supply Depot  
  17  1:10  SCV  
  18  1:12  Refinery  
  18  1:23  SCV  
  19  1:31  Factory  
  19  1:33  Marine  
  19  1:39  SCV  
  21  1:51  SCV  
  22  1:57  Marine  
  23  2:03  SCV  
  23  2:07  Supply Depot  
  24  2:15  Marine  
  25  2:27  Hellion  
  26  2:35  Marine  
  27  2:53  Marine  
  30  3:01  Factory  
  30  3:08  Barracks  
  31  3:14  Supply Depot  
Show
View Real Time Build Order
Export as new Build Order

SiMoe Zerg - Winner!

Build Orders: Pool First 

Get SALT Encoding   

  12  0:01  Drone  
  13  0:19  Overlord  
  13  0:26  Drone  
  14  0:37  Drone x2  
  14  0:41  Drone  
  17  0:55  Drone  
  17  0:56  Spawning Pool  
  17  1:02  Drone  
  18  1:11  Extractor  
  17  1:22  Drone  
  17  1:25  Drone, Hatchery  
  18  1:34  Drone  
  19  1:43  Queen  
  19  1:45  Overlord  
  21  2:05  Zergling x2  
  23  2:08  Zergling x2  
  23  2:16  Spine Crawler  
  23  2:18  Queen  
  23  2:24  Zergling x2  
  21  2:48  Zergling x6  
Show
View Real Time Build Order
Export as new Build Order

qqq Zerg 

Build Orders: Pool Only 

Get SALT Encoding   

  12  0:21  Spawning Pool  
  12  0:27  Overlord  
  11  0:31  Drone  
  12  0:36  Drone  
  12  0:41  Drone  
  14  1:10  Zergling x2  
  14  1:11  Zergling x2  
  16  1:12  Zergling x2  
  17  1:24  Zergling x2  
  18  1:34  Zergling x2  
  19  1:49  Zergling x2  
  20  1:57  Drone  
  11  2:34  Spine Crawler  
  10  2:43  Zergling x6  
Show
View Real Time Build Order
Export as new Build Order

Massa Terran 

Build Orders:  

Get SALT Encoding   

  12  0:10  Supply Depot  
  12  0:13  SCV  
  13  0:25  SCV  
  14  0:36  Barracks  
  14  0:39  SCV  
  15  0:51  SCV  
  16  1:03  SCV  
  17  1:15  SCV  
  18  1:28  SCV  
  18  1:30  Marine  
  20  1:40  SCV  
  21  1:48  Marine  
  21  1:52  SCV  
  23  1:56  Supply Depot  
  23  1:58  Supply Depot  
  23  2:13  Barracks  
  23  2:14  Barracks  
  23  2:17  Supply Depot  
  23  2:18  Marine  
  24  2:49  Barracks  
Tags
 
Add a new tag
Caveats
  • Supply blocks, unpowered buildings, or Contaminate may cause inaccurate times.
  • Supply counts are checked every 10 seconds.